 Dungeon Crawl Stone Soup version 0.30.0-19-g36f170ea60 (webtiles) character file.

Game seed: 12601541743295263597

620 Irreverend the Covered (level 7, 0/63 HPs)
             Began as an Armataur Fighter on May 30, 2023.
             Slain by Joseph
             ... wielding a +0 quarterstaff
              (3 damage)
             ... on level 7 of the Dungeon.
             The game lasted 00:05:05 (3109 turns).

Irreverend the Covered (Armataur Fighter)           Turns: 3109, Time: 00:05:05

Health: 0/63       AC: 10    Str: 23    XL:     7   Next: 22%
Magic:  7/7        EV:  3    Int:  9    God:
Gold:   146        SH:  8    Dex:  9    Spells: 6/6 levels left

rFire   . . .        j - +1 whip (elec)
rCold   . . .        t - +0 kite shield
rNeg    . . .        q - +0 plate armour
rPois   .            (no helmet)
rElec   .            (no cloak)
rCorr   .            (no gloves)
SInv    .            (no barding)
Will    .....        (no amulet) Stlth
                     (no ring)
HPRegen 0.30/turn    (no ring)
MPRegen 0.10/turn

%: roll
@: no status effects
A: large, rugged brown scales 3, deformed body, armoured tail, roll, long
tongue, awkward tongue
a: no special abilities


You were on level 7 of the Dungeon.
You visited 1 branch of the dungeon, and saw 5 of its levels.
You also visited: Sewer.

You collected 146 gold pieces.

Inventory:

Hand Weapons
 a - a +0 flail
 j - a +1 whip of electrocution (weapon)
Missiles
 B - a throwing net (quivered)
Armour
 b - a +0 scale mail
 c - a +0 buckler
 q - a +0 plate armour (worn)
 t - a +0 kite shield (worn)
Wands
 A - a wand of charming (8)
Scrolls
 e - a scroll of enchant weapon {unknown}
 f - a scroll of amnesia {unknown}
 g - 2 scrolls of fog {unknown}
 l - a scroll of magic mapping {unknown}
 n - 2 scrolls of enchant armour
 r - a scroll of blinking {unknown}
 s - 2 scrolls of identify
 u - a scroll of poison {unknown}
 w - a scroll of teleportation {unknown}
 x - 4 scrolls of fear {unknown}
 y - 3 scrolls of summoning {unknown}
Potions
 d - a potion of resistance {unknown}
 h - a potion of magic
 i - a potion of attraction {unknown}
 k - a potion of ambrosia
 m - 3 potions of curing
 o - a potion of berserk rage {unknown}
 p - a potion of invisibility {unknown}
 v - 2 potions of cancellation {unknown}
 z - 2 potions of heal wounds {unknown}


   Skills:
 + Level 4.1 Fighting
 * Level 4.7 Maces & Flails
 + Level 5.5 Armour
 + Level 5.0 Shields


You had 6 spell levels left.
You didn't know any spells.
Your spell library was empty.

Dungeon Overview and Level Annotations

Branches:
Dungeon (7/15)              Sewer (visited)
 Temple: D:4-7

Altars:
Dithmenos
Vehumet

Annotations:
D:4 3 runed translucent doors
D:7 Joseph


Innate Abilities, Weirdness & Mutations

You are completely covered in rugged brown scales. (AC +3, +7% HP)
Armour fits poorly on your strangely shaped body.
You have a long armoured tail.
You roll when moving toward enemies. (Rampage)
Your long tongue fully drains potion bottles. (2x potion effects)
Your tongue gives you trouble enunciating. (1.5x scroll delay)


Message History

The gnoll hits you with a +0 spear.
Joseph unwields a +0 sling.
Joseph wields a +0 quarterstaff.
Joseph hits you with a +0 quarterstaff.
You closely miss Joseph. The gnoll hits you but does no damage.
You block Joseph's attack.
You hit Joseph.
Joseph is lightly wounded.
The gnoll is no longer moving quickly.
The gnoll hits you but does no damage. Joseph hits you with a +0 quarterstaff.
* * * LOW HITPOINT WARNING * * *
You hit Joseph.
Joseph is lightly wounded.
The gnoll hits you with a +0 spear.
* * * LOW HITPOINT WARNING * * *
You block Joseph's attack.
A wight comes into view.
It is wielding a +3 falchion of freezing.
You hit Joseph but do no damage.
Joseph is lightly wounded.
The gnoll hits you but does no damage. Joseph hits you with a +0 quarterstaff.
* * * LOW HITPOINT WARNING * * *
The howler monkey hoots and howls with incredible vigour!
Something shouts, "Out, out, thou euchred hasty-witted yak-dropping!"
You closely miss Joseph.
Joseph is lightly wounded.
The gnoll hits you with a +0 spear.
* * * LOW HITPOINT WARNING * * *
You block Joseph's attack.
You hit Joseph.
Joseph is lightly wounded.
The gnoll barely misses you. Joseph hits you with a +0 quarterstaff!
* * * LOW HITPOINT WARNING * * *
You hit Joseph.
Joseph is moderately wounded.
You block the gnoll's attack.
The howler monkey hoots and howls with incredible vigour!
You block Joseph's attack.
You hit Joseph but do no damage.
Joseph is moderately wounded.
A white imp comes into view.
You block the gnoll's attack. Joseph hits you with a +0 quarterstaff.
You die...

#.....###########.##
##...## #........
##.## #.####..# #.#
#... #.# .....## #.#
.##### #.# #)#
###@### #..@gh#
#.#z#O######..#
#.#..)..)h....# #
###...####..
#.......)......
###.......#.###
#....5....
#.........#


You could see Joseph, an ogre, a howler monkey (catching breath), a wight, a
gnoll and a white imp.

Vanquished Creatures
  2 bullfrogs (Sewer)
  A jelly (D:7)
  2 orc priests
  A gnoll bouda (D:7)
  An orc wizard (D:7)
  2 hound skeletons (D:4)
  7 gnolls
  11 adders
  2 river rats (Sewer)
  3 worms
  2 dart slugs
  4 orcs
  17 ball pythons
  4 endoplasms
  7 giant cockroaches
  5 goblins
  A hobgoblin (D:2)
  4 jackals
  8 quokkas
  4 bats (D:1)
  7 frilled lizards
  14 kobolds
  29 rats
138 creatures vanquished.

Notes
Turn   | Place    | Note
-------+----------+-------------------------------------------
     0 | D:1      | Irreverend the Armataur Fighter began the quest for the
                  | Orb.
     0 | D:1      | Reached XP level 1. HP: 19/19 MP: 1/1
   126 | D:1      | Reached XP level 2. HP: 24/26 MP: 2/2
   271 | D:1      | Reached XP level 3. HP: 33/33 MP: 3/3
   635 | D:2      | Found a faded altar of an unknown god.
  1274 | D:3      | Reached XP level 4. HP: 40/40 MP: 4/4
  1344 | D:3      | HP: 1/40 [orc/+0 dagger (4)]
  1735 | D:3      | Found a shadowy altar of Dithmenos.
  1750 | D:3      | Found a radiant altar of Vehumet.
  1942 | D:3      | Identified the +1 pair of gloves of the Shining One's Hope
                  | {rF++ Stlth-}
  2023 | D:4      | Found a glowing drain.
  2045 | D:4      | Reached XP level 5. HP: 34/48 MP: 5/5
  2060 | Sewer    | Entered a sewer
  2450 | Sewer    | Reached XP level 6. HP: 33/55 MP: 6/6
  2458 | Sewer    | Reached skill level 5 in Armour
  2747 | D:4      | Found a runed translucent gate.
  2747 | D:4      | Found a runed translucent gate.
  2747 | D:4      | Found a runed translucent gate.
  2989 | D:4      | You fall into a shaft and drop 3 floors!
  3071 | D:7      | Reached XP level 7. HP: 58/63 MP: 7/7
  3073 | D:7      | Noticed Joseph
  3078 | D:7      | Reached skill level 5 in Shields
  3107 | D:7      | HP: 2/63 [Joseph/+0 quarterstaff (10)]
  3109 | D:7      | Slain by Joseph

Illustrated notes

Levels and vault maps discovered:
D:1:      reono_arrival_forest_river, layout_rooms
D:2:      layout_basic, basic_ecumenical_altar, grunt_ministairs_11
D:3:      layout_basic, mainiacjoe_overflow_swirl
D:4:      layout_basic, kennysheep_mini_moat, mainiacjoe_overflow_alcove_4,
          ebering_ghost_rock_garden, gup_sewer_entry_glass, serial_undead,
          serial_undead_b, serial_undead_f, serial_undead_a, serial_undead_c
D:7:      layout_loops_ring, general_overflow_altar, uniq_joseph,
          uniq_crazy_yiuf_cottage

Skill      XL: |  1  2  3  4  5  6  7 |
---------------+----------------------+-----
Maces & Flails | 2 3 4 |  4.7
Armour         | 4 5 |  5.5
Fighting       | 3 4 |  4.1
Shields        | 4 5 |  5.0

Action                     |  1- 3 |  4- 6 |  7- 9 || total
---------------------------+-------+-------+-------++-------
  Melee: Flail             |    36 |       |       ||    36
         Tailslap          |    13 |    24 |     2 ||    39
         Whip              |    90 |   222 |    25 ||   337
    Use: Potion            |       |     2 |     2 ||     4
         Scroll            |       |       |     1 ||     1
 Armour: Scale mail        |    62 |       |       ||    62
         Plate armour      |     8 |   210 |    14 ||   232
  Dodge: Dodged            |    45 |    41 |     4 ||    90
  Block: Buckler           |    24 |     9 |       ||    33
         Kite shield       |       |   124 |    18 ||   142
